 Dungeon Crawl Stone Soup version 0.32-a0-986-ga09f62fbf4 (webtiles) character file.

Game seed: 2379426850874553636

115 trashops the Chopper (level 4, 0/40 HPs)
             Began as a Mountain Dwarf Fighter on Apr 21, 2024.
             Killed from afar by an orc wizard (2 damage)
             ... with a magic dart
             ... on level 2 of the Dungeon.
             The game lasted 00:02:41 (1510 turns).

trashops the Chopper (Mountain Dwarf Fighter)       Turns: 1510, Time: 00:02:41

Health: 0/40       AC:  8    Str: 20    XL:     4   Next: 68%
Magic:  4/4        EV: 13    Int:  9    God:
Gold:   110        SH:  4    Dex:  9    Spells: 3/3 levels left

rFire   . . .        a - +0 war axe
rCold   + . .        c - +0 buckler
rNeg    . . .        b - +0 scale mail
rPois   .            (no helmet)
rElec   .            (no cloak)
rCorr   .            g - +0 pair of gloves
SInv    .            (no boots)
Will    .....        (no amulet) Stlth
                     f - +5 ring of evasion
HPRegen 0.26/turn    i - ring of protection from cold
MPRegen 0.09/turn

%: no passive effects
@: attractive
A: runic magic, artefact enchanting
a: no special abilities


You were on level 2 of the Dungeon.
You visited 1 branch of the dungeon, and saw 3 of its levels.

You collected 110 gold pieces.

Inventory:

Hand Weapons
 a - a +0 war axe (weapon)
 m - a +2 short sword of flaming
Armour
 b - a +0 scale mail (worn)
 c - a +0 buckler (worn)
 g - a +0 pair of gloves (worn)
Jewellery
 f - a +5 ring of evasion (left hand)
 i - a ring of protection from cold (right hand)
Scrolls
 e - 2 scrolls of identify
 h - a scroll of summoning
 j - a scroll of enchant weapon {unknown}
 l - a scroll of revelation {unknown}
Potions
 d - a potion of might
 k - a potion of attraction


   Skills:
 + Level 3.8 Fighting
 * Level 4.7 Axes
 + Level 3.8 Armour
 + Level 3.7 Shields


You had 3 spell levels left.
You didn't know any spells.
Your spell library was empty.

Dungeon Overview and Level Annotations

Branches:
Dungeon (3/15)

Altars:

Shops:
D:1 *   D:3 (


Innate Abilities, Weirdness & Mutations

Your spellcasting is much less encumbered by armour.
You can use scrolls of enchantment on lesser artefacts.


Message History

The orc wizard attacks as it pursues you!
You block the orc wizard's attack. Something hits you but does no damage.
The orc is attracted toward you.
There is a stone staircase leading up here.
Something hits you.
* * * LOW HITPOINT WARNING * * *
The orc wizard closely misses you.
You climb upwards.
Reactivating autopickup.
There is a stone staircase leading down here.
You hit the orc wizard but do no damage.
The orc wizard is heavily wounded.
You hit something but do no damage.
You hear some strange, mumbled words.
Deactivating autopickup; reactivate with Ctrl-A.
Something tries to affect you, but you resist.
The orc wizard barely misses you.
You miss the orc wizard.
The orc wizard is heavily wounded.
You miss something. Something hits you.
* * * LOW HITPOINT WARNING * * *
The orc wizard hits you but does no damage.
Something hits you but does no damage.
You closely miss the orc wizard.
The orc wizard is heavily wounded.
You closely miss something. The orc wizard completely misses you.
Something hits you but does no damage.
The orc wizard points at you and mumbles some strange words.
The puff of flame misses you.
The puff of flame hits something!
Reactivating autopickup.
You feel a bit more experienced.
You closely miss the orc wizard.
The orc wizard is heavily wounded.
The orc wizard gestures at you while chanting.
The puff of flame misses you.
You barely miss the orc wizard.
The orc wizard is heavily wounded.
The orc wizard points at you and mumbles some strange words.
The magic dart hits you.
You die...

#.#.# #.#.# #.# #..... #.#.#
#.#.###.# ###.## #.#.#
#.......# ##.## #.#.#
######..# #.... #.#.# #..#
#..## #.#.# #..#########..#
#.#.# #.............#
####.#.########..#########.##
#....#......)@o..# #...#
#.#############.## #.### #.#
#.# #.# ###.### #.# ###.###
#.....# ######.# #.....#
#.#.#.### #......#
###.###.### #.#.....#
#.###### #...# #....
#.###.#.# #.# #.#.###.###
#.....#.# #.# #.#.....# #


You could see an orc wizard.

Vanquished Creatures
  An orc priest (D:2)
  A dart slug (D:1)
  2 ribbon worms (D:2)
  3 orcs (D:2)
  7 ball pythons
  4 endoplasms
  5 goblins
  4 hobgoblins
  3 jackals (D:2)
  5 kobolds
  3 quokkas
  3 bats (D:1)
  2 frilled lizards
43 creatures vanquished.

Vanquished Creatures (others)
  2 orc wizards
  A giant cockroach (D:1)
3 creatures vanquished.

Grand Total: 46 creatures vanquished

Notes
Turn   | Place    | Note
-------+----------+-------------------------------------------
     0 | D:1      | trashops the Mountain Dwarf Fighter began the quest for the
                  | Orb.
     0 | D:1      | Reached XP level 1. HP: 19/19 MP: 1/1
    66 | D:1      | Reached XP level 2. HP: 25/26 MP: 2/2
   274 | D:1      | Found Vuf Ifomm's General Store.
   387 | D:1      | Reached skill level 3 in Axes
   736 | D:2      | Reached XP level 3. HP: 33/33 MP: 3/3
  1226 | D:2      | Reached skill level 4 in Axes
  1226 | D:2      | Reached XP level 4. HP: 25/40 MP: 4/4
  1477 | D:3      | Found Wiopnosam's Antique Weapon Shoppe.
  1500 | D:3      | HP: 1/40 [something (3)]
  1507 | D:2      | HP: 1/40 [something (1)]
  1510 | D:2      | Killed from afar by an orc wizard

Illustrated notes

Levels and vault maps discovered:
D:1:      shiori_arrival_oz, layout_basic, serial_shops, shop, minivault_23
D:2:      layout_loops_ring
D:3:      layout_basic, serial_shops, shop, shop, shop, nicolae_titane

Skill      XL: |  1  2  3 |
---------------+----------+-----
Axes           | 3 4 |  4.7
Fighting       | |  3.8
Armour         | |  3.8
Shields        | |  3.7

Action                     |  1- 3 |  4- 6 || total
---------------------------+-------+-------++-------
  Melee: War axe           |   114 |    26 ||   140
    Use: Scroll            |     1 |       ||     1
         Potion            |       |     1 ||     1
 Armour: Scale mail        |    90 |    46 ||   136
  Dodge: Dodged            |    65 |    31 ||    96
  Block: Buckler           |    29 |     4 ||    33

Table legend: (Time is in decaauts)
 A = Elapsed time spent in this place.
 B = Non-inter-level travel time spent in this place.
 C = Inter-level travel time spent in this place.
 D = Time resting spent in this place.
 E = Time spent auto-exploring this place.
 F = Levels seen in this place.
 G = Mean time per level.
                   A        B        C        D        E       F      G
               +--------+--------+--------+--------+--------+-----+--------+
         Total |   1559 |   1516 |     43 |      0 |   1168 |   3 |  519.7 |
       Dungeon |   1559 |   1516 |     43 |      0 |   1168 |   3 |  519.7 |
               +--------+--------+--------+--------+--------+-----+--------+

Top non-repeatable levels by time:
     D:2: 770 daAuts
     D:1: 750 daAuts
     D:3: 39 daAuts
